 Dungeon Crawl Stone Soup version 0.24.0-13-gcf9b319 (webtiles) character file.

Game seed: 3511064327152788400, levelgen mode: deterministic

126 Fang the Shield-Bearer (level 5, -2/33 HPs)
             Began as a Gargoyle Fighter on Dec 20, 2019.
             Slain by Sigmund
             ... wielding a +1 scythe of protection
              (3 damage)
             ... on level 3 of the Dungeon on Jan 2, 2020.
             The game lasted 00:04:14 (1944 turns).

Fang the Shield-Bearer (Gargoyle Fighter)           Turns: 1944, Time: 00:04:14

Health: -2/33      AC: 11    Str: 25    XL:     5   Next: 10%
Magic:  5/5        EV:  5    Int:  9    God:
Gold:   67         SH:  0    Dex:  9    Spells: 4/4 levels left

rFire    . . .     SeeInvis .   a - +0 war axe
rCold    . . .     Gourm    .   B - +0 large shield
rNeg     + . .     Faith    .   b - +0 scale mail
rPois    ∞         Spirit   .   (no helmet)
rElec    +         Reflect  .   (no cloak)
rCorr    .         Harm     .   (no gloves)
MR       .....                  (no boots)
Stlth    ..........             (no amulet)
HPRegen  0.11/turn              (no ring)
MPRegen  0.09/turn              (no ring)

@: confused, mighty
A: negative energy resistance 1, electricity resistance, unbreathing,
petrification resistance, rot immunity, AC +4
a: no special abilities


You were on level 3 of the Dungeon.
You were not hungry.

You visited 1 branch of the dungeon, and saw 3 of its levels.

You collected 67 gold pieces.

Inventory:

Hand Weapons
 a - a +0 war axe (weapon)
Armour
 b - a +0 scale mail (worn)
 B - a +0 large shield (worn)
Scrolls
 g - a scroll of enchant armour {unknown}
 h - a scroll of teleportation {unknown}
 j - a scroll of fear {unknown}
 l - a scroll of magic mapping {unknown}
Potions
 d - a potion of might
 e - 2 potions of mutation {unknown}
 f - a potion of heal wounds {unknown}
 i - a potion of degeneration {unknown}
 k - 5 potions of curing {unknown}
Comestibles
 c - 2 rations


   Skills:
 + Level 4.1 Fighting
 + Level 2.7 Axes
 + Level 4.1 Armour
 + Level 4.2 Shields


You had 4 spell levels left.
You didn't know any spells.
Your spell library was empty.

Dungeon Overview and Level Annotations

Branches:
Dungeon (3/15)

Altars:

Annotations:
D:3 Sigmund


Innate Abilities, Weirdness & Mutations

You are resistant to torment.
Your stone body is resilient. (AC +4)
You are immune to poison.
You resist negative energy. (rN+)
You are resistant to electric shocks. (rElec)
You can survive without breathing.
You are immune to petrification.
You are immune to rotting.


Message History

You closely miss something. Something hits you.
You miss something. Something hits you!
You closely miss something. Something hits you.
Your shield prevents you from hitting something.
Something hits you.
* * * LOW HITPOINT WARNING * * *
You closely miss something. Something hits you but does no damage.
Your shield prevents you from hitting something.
You hear some strange, mumbled words.
You are confused.
Something hits you!
* * * LOW HITPOINT WARNING * * *
You bump into the rock wall.
You miss something. Something hits you but does no damage.
You're too confused to move!
You hear some strange, mumbled words.
A puff of flame appears from out of thin air!
The puff of flame misses you.
You miss something. Something hits you.
You die...

##### #.# ####.##.#.# #...####.#
#.##.#.# ..# #........# #......#
..# #...###### ####.### ..#
##.####### #.### ..# ###.......#
#### #...# ..######...#####.#
....#######.#
............####.#.....##......##
....#.......#..%@...$..##.##.....
......).....#.##{#.....##.##.#.##
..#.####......##.# ...%##.##...#
..#.# ###.......# ######.##.#.#
..#.# ##.###### #.......#÷#.##
..#.# #.## #.####.))).... ..#.#
#..# #.#####.#.#### ....# ##.#
#.........# .#### #.# #.##.#..###


There were no monsters in sight!

Vanquished Creatures
  3 gnolls (D:3)
  2 adders (D:3)
  2 worms (D:3)
  3 dart slugs
  A leopard gecko (D:1)
  An orc (D:3)
  10 bats
  A giant cockroach (D:1)
  6 hobgoblins
  4 jackals (D:1)
  5 kobolds
  2 quokkas
  2 ball pythons
  3 frilled lizards
  10 goblins
  10 rats
65 creatures vanquished.

Notes
Turn   | Place    | Note
-------+----------+-------------------------------------------
     0 | D:1      | Fang the Gargoyle Fighter began the quest for the Orb.
     0 | D:1      | Reached XP level 1. HP: 14/14 MP: 1/1
    87 | D:1      | Reached XP level 2. HP: 19/19 MP: 2/2
   456 | D:1      | Reached XP level 3. HP: 23/23 MP: 3/3
  1345 | D:2      | Reached XP level 4. HP: 27/29 MP: 4/4
  1527 | D:3      | Reached XP level 5. HP: 10/33 MP: 5/5
  1919 | D:3      | Noticed Sigmund
  1940 | D:3      | HP: 1/33 [something (9)]
  1944 | D:3      | Slain by Sigmund

Levels and vault maps discovered:
D:1:      moated_graveyard_arrival, layout_basic, minmay_heptomino_w4
D:2:      layout_basic
D:3:      layout_loops_cross, chequers_serial_rivers_large_b, uniq_sigmund

Skill      XL: |  1  2  3  4 |
---------------+-------------+-----
Axes           | 2 |  2.7
Shields        | 4 |  4.2
Armour         | 4 |  4.1
Fighting       | 4 |  4.1

Action                   |  1- 3 |  4- 6 || total
-------------------------+-------+-------++-------
Melee: War axe           |   142 |   104 ||   246
  Use: Potion            |       |     1 ||     1
  Eat: Chunk             |     2 |     2 ||     4
Armor: Scale mail        |   139 |    40 ||   179
Dodge: Dodged            |    49 |    23 ||    72
Block: Shield            |    41 |       ||    41
       Large shield      |   120 |    84 ||   204
